 Dungeon Crawl Stone Soup version 0.32-a0-932-g5467873 (webtiles) character file.

Game seed: 16387292808322115157

287356 1lSu2w the Crack Shot (level 20, -1/160 HPs)
             Began as a Human Hunter on Apr 13, 2024.
             Was a High Priest of Hepliaklqana.
             Slain by a +2 dire flail of venom (17 damage)
             ... on level 1 of the Elven Halls on Apr 14, 2024.
             The game lasted 01:30:58 (36309 turns).

1lSu2w the Crack Shot (Human Hunter)               Turns: 36309, Time: 01:30:58

Health: -1/160     AC: 17    Str: 15    XL:     20   Next: 66%
Magic:  36/36      EV: 18    Int: 14    God:    Hepliaklqana [*****.]
Gold:   454        SH:  5    Dex: 22    Spells: 23/25 levels left

rFire   + + .        b - +1 orcbow (drain)
rCold   . . .        (shield currently unavailable)
rNeg    + + .        t - +0 fire dragon scales
rPois   +            (helmet restricted)
rElec   .            (no cloak)
rCorr   .            (no gloves)
SInv    .            F - +0 pair of boots
Will    ++...        P - amulet "Meizxeys" {Reflect Int+4 SH+5}
Stlth   +++          I - ring "Ysopug" {rN++ Will+ EV+5}
HPRegen 0.46/turn    T - ring "Ykhoczir" {rPois rC+}
MPRegen 0.25/turn

%: reflection
@: no status effects
A: reduced essence, explore regen, beak, iridescent scales 1, high MP 1, wild
magic 1, noise suppression
}: 2/15 runes: serpentine, barnacled
a: Renounce Religion, Recall Ancestor, Ancestor Identity, Transference, Idealise


You were on level 1 of the Elven Halls.
You worshipped Hepliaklqana.
Hepliaklqana was extremely pleased with you.
You visited 7 branches of the dungeon, and saw 32 of its levels.
You also visited: Sewer, Gauntlet and Volcano.

You collected 2899 gold pieces.
You spent 2445 gold pieces at shops.

Inventory:

Hand Weapons
 a - a +0 heavy arbalest
 b - a +1 orcbow of draining (weapon)
 n - a +1 rapier of draining
Missiles
 L - a throwing net
Armour
 t - +0 fire dragon scales (worn)
 F - a +0 pair of boots (worn)
 M - a +2 troll leather armour {Snorg}
 V - a +1 kite shield of protection
Jewellery
 u - the amulet of Iceuh {Regen+ Str+5}
   (You bought it in a shop on level 2 of the Orcish Mines)

   [amulet of regeneration]

   Str+5:     It affects your strength (+5).
   Regen+:    It increases your rate of health regeneration.
 y - a ring of flight
 I - the ring "Ysopug" (left hand) {rN++ Will+ EV+5}
   (You acquired it on level 4 of the Shoals)

   [ring of evasion]

   EV+5:      It affects your evasion (+5).
   rN++:      It greatly protects you from negative energy.
   Will+:     It increases your willpower.
 N - a ring of protection from fire
 O - the ring of Monung {rN+ Will+ MP+9}
   (You acquired it on level 4 of the Lair of Beasts)

   [ring of magical power]

   rN+:       It protects you from negative energy.
   Will+:     It increases your willpower.
   MP+9:      It affects your magic capacity (+9).
 P - the amulet "Meizxeys" (around neck) {Reflect Int+4 SH+5}
   (You took it off a minotaur in a Gauntlet)

   [amulet of reflection]

   Reflect:   It reflects blocked missile attacks.
   Int+4:     It affects your intelligence (+4).
   SH+5:      It affects your SH (+5).
 Q - a ring of resist corrosion
 T - the ring "Ykhoczir" (right hand) {rPois rC+}
   (You bought it in a shop on level 2 of the Orcish Mines)

   [ring of protection from cold]

   rC+:       It protects you from cold.
   rPois:     It protects you from poison.
Wands
 c - a wand of quicksilver (30)
 r - a wand of digging (5)
 R - a wand of polymorph (5)
 Z - a wand of warping (6)
Scrolls
 f - 7 scrolls of fog
 g - 7 scrolls of enchant weapon
 k - 2 scrolls of summoning {unknown}
 l - 4 scrolls of vulnerability
 m - 4 scrolls of revelation
 o - 2 scrolls of brand weapon {unknown}
 w - 5 scrolls of blinking
 x - 10 scrolls of teleportation
 B - 2 scrolls of poison
 D - 3 scrolls of enchant armour
 J - 5 scrolls of immolation
 S - 2 scrolls of silence {unknown}
 W - a scroll of fear
 X - a scroll of torment {unknown}
Potions
 d - 9 potions of curing
 e - 4 potions of mutation
 h - 7 potions of magic
 p - 9 potions of lignification
 q - 6 potions of brilliance
 v - 4 potions of cancellation
 z - 4 potions of might
 A - 3 potions of enlightenment
 C - 6 potions of attraction
 E - 10 potions of ambrosia
 G - a potion of resistance
 H - 4 potions of haste
 K - a potion of invisibility
 Y - a potion of heal wounds
Miscellaneous
 j - a phantom mirror
 s - a lightning rod (4/4)
 U - a phial of floods


   Skills:
 + Level 20.9 Fighting
 + Level 21.1 Ranged Weapons
 - Level 15.0 Armour
 + Level 8.5 Dodging
 - Level 9.0 Stealth
 + Level 3.1 Spellcasting
 - Level 5.0 Translocations
 - Level 18.0 Invocations


You had 23 spell levels left.
You knew the following spells:

 Your Spells              Type           Power      Damage    Failure   Level
f - Blink                 Tloc           42%        N/A       19%         2

Your spell library contained the following spells:

 Spells                   Type           Power      Damage    Failure   Level
 Lesser Beckoning         Tloc           42%        N/A       19%         2
 Maxwell's Portable Pile  Tloc           21%        2d(7-19)  34%         3
 Teleport Other           Tloc           21%        N/A       34%         3
 Momentum Strike          Conj/Tloc      22%        3d8       45%         2
 Necrotise                Necr           8%         1d4       65%         1
 Shock                    Conj/Air       8%         1d3       65%         1
 Summon Small Mammal      Summ           8%         N/A       65%         1
 Volatile Blastmotes      Fire/Tloc      22%        2d11      67%         3
 Passage of Golubria      Tloc           21%        N/A       73%         4
 Mercury Vapours          Alch/Air       4%         N/A       78%         2
 Scorch                   Fire           4%         2d5       78%         2
 Sublimation of Blood     Necr           2%         N/A       78%         2
 Call Canine Familiar     Summ           2%         N/A       94%         3
 Inner Flame              Hex/Fire       2%         N/A       94%         3
 Mephitic Cloud           Conj/Alch/Air  2%         N/A       94%         3
 Sigil of Binding         Hex            2%         N/A       94%         3
 Stone Arrow              Conj/Erth      4%         3d7       94%         3
 Summon Ice Beast         Ice/Summ       2%         N/A       94%         3
 Tukima's Dance           Hex            2%         N/A       94%         3
 Vampiric Draining        Necr           2%         2d6       94%         3
 Iskenderun's Mystic Bla Conj/Tloc 11%            2d4        (+2d2     96%         4
 Animate Armour           Summ/Erth      4%         N/A       100%        4
 Animate Dead             Necr           2%         N/A       100%        4
 Flame Wave               Conj/Fire      2%         2d4       100%        4
 Fulminant Prism          Conj/Alch      1%         3d5       100%        4
 Martyr's Knell           Necr/Summ      2%         N/A       100%        4
 Petrify                  Alch/Erth      2%         N/A       100%        4
 Sticky Flame             Fire/Alch      2%         2d4       100%        4
 Summon Blazeheart Golem  Fire/Summ      2%         N/A       100%        4
 Borgnjor's Vile Clutch   Necr/Erth      1%         N/A       100%        5
 Curse of Agony           Necr           2%         N/A       100%        5
 Freezing Cloud           Conj/Ice/Air   1%         6-21      100%        5
 Irradiate                Conj/Alch      1%         3d12      100%        5
 Summon Mana Viper        Hex/Summ       2%         N/A       100%        5
 Yara's Violent Unravell  Hex/Alch       1%         3d3       100%        5
 Death Channel            Necr           1%         N/A       100%        6
 Sculpt Simulacrum        Ice/Alch       1%         N/A       100%        6
 Summon Cactus Giant      Summ           1%         N/A       100%        6
 Monstrous Menagerie      Summ           1%         N/A       100%        7
 Lehudib's Crystal Spear  Conj/Erth      1%         10d2      100%        8


Dungeon Overview and Level Annotations

Branches:
Dungeon (15/15)            Temple (1/1) D:4            Lair (5/5) D:8
 Shoals (4/4) Lair:3        Snake (4/4) Lair:2        Slime (0/5) Lair:4
    Orc (2/2) D:11            Elf (1/3) Orc:2        Vaults (0/5) D:13
 Depths (0/4) D:15          Sewer (visited)         Volcano (visited)
Gauntlet (visited)

Altars:
Ashenzari
Cheibriados
Dithmenos
Elyvilon
Fedhas
Gozag
Hepliaklqana
Kikubaaqudgha
Makhleb
Nemelex Xobeh
Okawaru
Qazlal
Ru
Sif Muna
Trog
Uskayaw
Vehumet
Wu Jian
Xom
Yredelemnul
Zin
The Shining One
Jiyva

Shops:
D:10 (*   D:12 [   D:14 :   Orc:1 *   Orc:2 =[=[   Shoals:4 !   Snake:2 ==:
Snake:4 *

Annotations:
Lair:4 3 runed translucent doors, Decysan's ghost, journeyman MfSh
Snake:1 2 transporters, sekai's ghost, adept HuFi
Snake:3 Vashnia


Innate Abilities, Weirdness & Mutations

Your life essence is reduced to manifest your ancestor. (-10% HP)
You regain HP and MP as you explore.
You have a beak for a mouth.
You are partially covered in iridescent scales. (AC +2)
You have an increased reservoir of magic. (+10% MP)
Your spells are a little harder to cast, but a little more powerful.
You passively dampen the noise of your surroundings.


Message History

The arrow misses the +2 dire flail of venom.
The +2 dire flail of venom barely misses you.
The +2 dire flail of venom hits you.
You shoot an arrow.
The arrow misses the +2 dire flail of venom.
The +2 dire flail of venom misses you.
You shoot an arrow.
The arrow hits the +2 dire flail of venom but does no damage.
The +2 dire flail of venom barely misses you.
The +2 dire flail of venom hits you!
* * * LOW HITPOINT WARNING * * *
You are too injured to fight recklessly!
You are too injured to fight recklessly!
You are too injured to fight recklessly!
You shoot an arrow.
The arrow barely misses the +2 dire flail of venom.
The +2 dire flail of venom hits you.
* * * LOW HITPOINT WARNING * * *
You shoot an arrow.
The arrow barely misses the +2 dire flail of venom.
The +2 dire flail of venom hits you!
* * * LOW HITPOINT WARNING * * *
The +2 dire flail of venom barely misses you.
You shoot an arrow.
The arrow barely misses the +2 dire flail of venom.
You block the +2 dire flail of venom's attack.
You shoot an arrow.
The arrow hits the +2 dire flail of venom!
The +2 dire flail of venom is moderately damaged.
The +2 dire flail of venom hits you but does no damage.
You shoot an arrow.
The arrow hits the +2 dire flail of venom but does no damage.
The +2 dire flail of venom is moderately damaged.
The +2 dire flail of venom misses you. The +2 dire flail of venom hits you!!
* * * LOW HITPOINT WARNING * * *
You shoot an arrow.
The arrow closely misses the +2 dire flail of venom.
The +2 dire flail of venom hits you!
You die...
Hepliaklqana delivers you to your ancestors.

##......)......##
#.....).........# .
#................ ..
#............>... #..
#................ #...
#................ #...○
#................
#..).)#####)......#.......#
.....))')(@)......##.....##
.##..)#####.......###...##
#... ##......# ##.## #...
#'###'## #'# .v. #.# #.#
#.# .e #.# #.# #.# # #.#
#.# #.# #.###.#####.#
............#


You could see a +2 dire flail of venom.

Vanquished Creatures
  Jorgrun (Snake:3)
  A kraken (Shoals:2)
  Agnes (Snake:3)
  2 nagarajas (Snake:4)
  A deep elf sorcerer (Elf:1)
  A frost giant (Shoals:4)
  A formless jellyfish (Shoals:3)
  A minotaur (Gauntlet)
  A fire dragon (Volcano)
  10 merfolk impalers
  3 merfolk javelineers
  5 hydras
  Josephine (D:10)
  2 salamander tyrants (Snake:3)
  A vault guard (D:13)
  4 catoblepae
  10 anacondas
  3 boulder beetles
  A merfolk avatar (Shoals:4)
  5 dancing weapons
  3 two-headed ogres
  4 merfolk aquamancers
  7 death yaks
  4 satyrs
  10 naga warriors
  4 orc high priests (Orc:2)
  A deep troll earth mage (D:15)
  4 shock serpents
  An alligator snapping turtle (Shoals:3)
  Urug (Lair:4)
  4 naga sharpshooters
  2 skysharks
  A deep elf knight (Elf:1)
  A salamander mystic (Snake:4)
  2 arcanists
  5 sea snakes
  5 mana vipers
  7 naga ritualists
  2 deep elf pyromancers (Elf:1)
  11 harpies
  An orc knight (D:15)
  2 oklob plants
  7 lindwurms
  A thermic dynamo (Elf:1)
  3 orc sorcerers (Orc:2)
  11 manticores
  10 ugly things
  7 deep elf zephyrmancers (Elf:1)
  7 cyclopes
  6 fauns
  A cyclops (shapeshifter) (D:13)
  11 salamanders
  4 elephants (Lair:3)
  27 black mambas
  3 kobold blastminers (Orc:1)
  10 merfolk sirens
  7 guardian serpents
  4 water nymphs
  11 cane toads
  16 naga magi
  3 torpor snails (Lair:4)
  4 gargoyles
  10 komodo dragons
  2 rime drakes
  A kobold demonologist (D:12)
  27 merfolk
  2 polar bears
  A queen bee (D:9)
  5 wind drakes
  4 harpy zombies (Shoals:3)
  4 trolls
  16 blink frogs
  7 dream sheep
  7 snapping turtles
  5 slime creatures (D:15)
  A ynoxinul (Gauntlet)
  8 water elementals
  5 wraiths
  A vampire (D:11)
  3 hogs
  A human (Lair:5)
  6 wyverns
  39 yaks
  A yak (shapeshifter) (D:15)
  2 wargs
  Grum (D:9)
  4 basilisks
  4 steam dragons (Volcano)
  28 nagas
  11 water moccasins
  Pargi (Sewer)
  2 hell hounds (Volcano)
  2 sky beasts (D:6)
  15 orc warriors
  A manticore zombie (Shoals:3)
  2 black bears
  5 ogres
  15 wolves
  5 centaurs (D:12)
  2 phantoms
  3 kobold brigands
  5 bullfrogs
  A brain worm (Sewer)
  A gnoll sergeant (D:7)
  A scorpion (D:7)
  31 killer bees
  2 howler monkeys (D:9)
  2 electric eels (Lair:5)
  2 bombardier beetles
  5 hounds
  An iron imp (Gauntlet)
  A jelly (Sewer)
  29 orc priests
  A sleepcap (D:6)
  Terence (D:3)
  4 iguanas
  10 orc wizards
  Natasha (D:3)
  6 gnolls
  6 adders
  A shadow imp (D:8)
  4 white imps
  2 ufetubi (D:6)
  A dart slug (D:3)
  2 ribbon worms
  55 orcs
  10 ball pythons
  3 bats
  11 endoplasms
  6 giant cockroaches
  8 goblins
  5 hobgoblins
  2 jackals (D:2)
  3 quokkas
  8 frilled lizards
  17 kobolds
  5 rats
  A tentacle (Shoals:2)
803 creatures vanquished.

Vanquished Creatures (collateral kills)
  Rupert (Lair:5)
  Kirke (Lair:5)
  Aizul (Snake:2)
  A nagaraja (Snake:3)
  Ilsuiw (Shoals:3)
  Louise (Snake:2)
  Snorg (Lair:4)
  2 merfolk javelineers (Shoals:4)
  5 merfolk impalers
  4 hydras
  A merfolk avatar (Shoals:4)
  A merfolk aquamancer (Shoals:2)
  A boulder beetle (Lair:1)
  A two-headed ogre (D:11)
  2 alligator snapping turtles
  3 catoblepae
  A tengu warrior (D:14)
  2 anacondas (Snake:1)
  A satyr (Shoals:4)
  7 death yaks
  3 shock serpents (Snake:4)
  6 naga warriors
  4 naga sharpshooters
  2 deep elf knights (Elf:1)
  3 salamander mystics
  7 mana vipers
  6 sea snakes
  A deep elf archer (Elf:1)
  4 naga ritualists
  3 lindwurms (Snake:4)
  An orc knight (D:15)
  A harpy (Shoals:4)
  The ghost of jinhoftyu the Destroyer, a novice TeFE of Vehumet (D:8)
  3 deep elf pyromancers (Elf:1)
  3 oklob plants (Lair:4)
  2 cyclopes
  11 salamanders
  9 ugly things
  4 manticores
  6 elephants (Lair:3)
  4 water nymphs
  4 guardian serpents (Snake:4)
  4 naga magi
  4 merfolk sirens (Shoals:4)
  15 black mambas
  4 cane toads
  A cane toad (shapeshifter) (D:11)
  A molten gargoyle (Gauntlet)
  A gargoyle (D:13)
  A torpor snail (Lair:4)
  A rime drake (Lair:4)
  3 komodo dragons
  A hornet (D:9)
  16 merfolk
  2 polar bears
  4 wind drakes
  2 snapping turtles
  7 blink frogs
  2 wyverns
  2 basilisks
  12 yaks
  3 wraiths
  A warg (Orc:1)
  2 steam dragons
  8 water elementals
  3 vampire mosquitoes (D:12)
  15 nagas
  4 water moccasins
  An acid dragon (D:11)
  3 orc warriors (Orc:2)
  An ogre (D:5)
  6 wolves
  A centaur (D:5)
  Blork the orc (D:5)
  A gnoll sergeant (D:11)
  8 killer bees
  A howler monkey (D:9)
  An iron imp (Gauntlet)
  15 orc priests
  13 orc wizards
  A gnoll (D:11)
  11 orcs
  8 kobolds
  3 tentacles (Shoals:2)
320 creatures vanquished.

Vanquished Creatures (others)
  A satyr (Shoals:4)
  20 knights
  6 foxfires (D:8)
  6 tentacles (Shoals:2)
33 creatures vanquished.

Grand Total: 1156 creatures vanquished

Notes
Turn   | Place    | Note
-------+----------+-------------------------------------------
     0 | D:1      | 1lSu2w the Human Hunter began the quest for the Orb.
     0 | D:1      | Reached XP level 1. HP: 16/16 MP: 1/1
   162 | D:1      | Reached XP level 2. HP: 22/22 MP: 2/2
   519 | D:1      | Reached XP level 3. HP: 28/28 MP: 3/3
  1059 | D:2      | Identified the +3 robe of the Bulwark {rF- Slay+6}
  1660 | D:2      | Reached XP level 4. HP: 23/34 MP: 4/4
  1707 | D:3      | Noticed Terence
  1719 | D:3      | Killed Terence
  2020 | D:3      | Reached XP level 5. HP: 39/41 MP: 5/5
  2223 | D:3      | Noticed Natasha
  2225 | D:3      | Killed Natasha
  2226 | D:3      | Reached skill level 5 in Ranged Weapons
  2226 | D:3      | Reached XP level 6. HP: 47/47 MP: 6/6
  2478 | D:4      | Found a staircase to the Ecumenical Temple.
  2488 | Temple   | Entered the Ecumenical Temple
  2511 | Temple   | Became a worshipper of Hepliaklqana the Forgotten
  2591 | D:4      | Found a glowing drain.
  2607 | Sewer    | Entered a sewer
  2623 | Sewer    | Noticed Pargi
  2634 | Sewer    | Gained mutation: You have an increased reservoir of magic.
                  | (+10% MP) [potion of mutation]
  2634 | Sewer    | Gained mutation: You have a beak for a mouth. [potion of
                  | mutation]
  2634 | Sewer    | Gained mutation: You are partially covered in iridescent
                  | scales. (AC +2) [potion of mutation]
  2634 | Sewer    | Gained mutation: You have hidden genetic potential. [potion
                  | of mutation]
  2644 | Sewer    | Killed Pargi
  2645 | Sewer    | Reached XP level 7. HP: 21/54 MP: 7/7
  3015 | D:4      | Gained mutation: Your spells are a little harder to cast,
                  | but a little more powerful. [hidden potential]
  3263 | D:4      | Reached skill level 6 in Ranged Weapons
  3633 | D:5      | Entered Level 5 of the Dungeon
  3635 | D:5      | Reached skill level 5 in Fighting
  3635 | D:5      | Reached skill level 5 in Stealth
  3662 | D:5      | Reached XP level 8. HP: 62/62 MP: 8/8
  3743 | D:5      | Reached * piety under Hepliaklqana
  3754 | D:5      | Noticed Blork the orc
  3754 | D:5      | Gained mutation: You passively dampen the noise of your
                  | surroundings. [hidden potential]
  3754 | D:5      | Lost mutation: You have hidden genetic potential. [hidden
                  | potential expressed]
  3760 | D:5      | Reached skill level 7 in Ranged Weapons
  3763 | D:5      | Killed Blork the orc
  4293 | D:6      | Reached skill level 8 in Ranged Weapons
  4374 | D:6      | Reached XP level 9. HP: 64/64 MP: 9/9
  4439 | D:6      | Reached ** piety under Hepliaklqana
  4440 | D:6      | Remembered your ancestor Gosenjo as a knight
  4532 | D:6      | Found an iron altar of Okawaru.
  5149 | D:7      | Found a radiant altar of Vehumet.
  5150 | D:7      | Found a shimmering altar of Xom.
  5161 | D:7      | Found a basalt altar of Yredelemnul.
  5317 | D:7      | Noticed a two-headed ogre
  5322 | D:7      | Killed a two-headed ogre
  5323 | D:7      | Reached skill level 9 in Ranged Weapons
  5412 | D:7      | Reached *** piety under Hepliaklqana
  5638 | D:7      | Reached skill level 10 in Ranged Weapons
  5638 | D:7      | Reached XP level 10. HP: 60/74 MP: 8/11
  5673 | D:8      | Found a staircase to the Lair.
  5725 | D:8      | Found a runed translucent gate.
  5725 | D:8      | Found a runed translucent gate.
  5727 | D:8      | Found a runed translucent gate.
  5970 | D:8      | Noticed a manticore
  5973 | D:8      | Killed a manticore
  5974 | D:8      | Reached skill level 10 in Fighting
  6229 | D:8      | Noticed an 11-headed hydra
  6229 | D:8      | Noticed a nine-headed hydra
  6230 | D:8      | Noticed jinhoftyu's ghost (novice TeFE)
  6279 | D:9      | Reached skill level 11 in Ranged Weapons
  6398 | D:9      | Got Hugefooc's Compendium of Incendiary Blows
  6430 | D:9      | Noticed Grum
  6445 | D:9      | Reached skill level 1 in Armour
  6446 | D:9      | Killed Grum
  6535 | D:9      | Reached **** piety under Hepliaklqana
  6594 | D:9      | Reached XP level 11. HP: 82/82 MP: 12/12
  6817 | D:10     | Entered Level 10 of the Dungeon
  7114 | D:10     | Found Rikh's Antique Weapon Boutique.
  7121 | D:10     | Bought a runed rapier for 140 gold pieces
  7130 | D:10     | Found Pydduex's Assorted Antiques.
  7137 | D:10     | Bought a fuming ruby potion for 26 gold pieces
  7137 | D:10     | Bought a scroll labelled XOERAY UTHRAIPH for 29 gold pieces
  7137 | D:10     | Bought a scroll labelled DONEK UMUATRI for 29 gold pieces
  7162 | D:10     | Noticed a two-headed ogre
  7168 | D:10     | Killed a two-headed ogre
  7445 | D:10     | Noticed Josephine
  7450 | D:10     | Killed Josephine
  7489 | D:10     | Found a glowing silver altar of Zin.
  7602 | D:9      | Reached skill level 12 in Ranged Weapons
  7603 | D:9      | Reached skill level 1 in Invocations
  7857 | Lair:1   | Entered Level 1 of the Lair of Beasts
  7940 | Lair:1   | Reached skill level 5 in Armour
  7990 | Lair:1   | Noticed a boulder beetle
  8005 | Lair:1   | Killed a boulder beetle
  8021 | Lair:1   | Reached XP level 12. HP: 84/90 MP: 15/15
  8071 | Lair:1   | Noticed a death yak
  8071 | Lair:1   | Noticed a death yak
  8168 | Lair:1   | Reached ***** piety under Hepliaklqana
  8450 | Lair:1   | Noticed a death yak
  8665 | Lair:1   | Noticed a death yak
  8950 | Lair:2   | Found a dark tunnel.
  8955 | Volcano  | Entered a volcano
  9188 | Volcano  | HP: 4/91 [lindwurm/blast of flame (35)]
  9297 | Volcano  | Noticed a fire dragon
  9306 | Volcano  | Killed a fire dragon
  9439 | Lair:2   | Noticed a catoblepas
  9459 | Lair:2   | Reached skill level 5 in Invocations
 10095 | Lair:2   | Noticed a four-headed hydra
 10102 | Lair:2   | Killed a four-headed hydra
 10103 | Lair:2   | Reached skill level 13 in Ranged Weapons
 10136 | Lair:2   | Found a staircase to the Snake Pit.
 10386 | Lair:2   | Reached XP level 13. HP: 27/98 MP: 19/19
 11895 | Lair:3   | You are sucked into a shaft and drop 2 floors!
 11895 | Lair:5   | Entered Level 5 of the Lair of Beasts
 11895 | Lair:5   | Noticed Kirke
 11945 | Lair:4   | Noticed Snorg
 11952 | Lair:4   | Killed Snorg
 12232 | Lair:3   | Found a staircase to the Shoals.
 12516 | Lair:3   | Reached skill level 14 in Ranged Weapons
 13068 | Lair:4   | Reached XP level 14. HP: 41/106 MP: 22/22
 13981 | Lair:4   | Found a staircase to the Slime Pits.
 14121 | Lair:4   | Identified 3 scrolls of acquirement
 14122 | Lair:4   | Acquired a manual of Fighting
 14124 | Lair:4   | Acquired the ring of Monung {rN+ Will+ MP+9}
 14126 | Lair:4   | Acquired a manual of Invocations
 14311 | Lair:4   | Found the +8 mithril axe "Arga" {speed, Will+}
 14412 | Lair:4   | Noticed Urug
 14426 | Lair:4   | Killed Urug
 14813 | Lair:4   | Found a runed translucent gate.
 14813 | Lair:4   | Found a runed translucent gate.
 14813 | Lair:4   | Found a runed translucent gate.
 14813 | Lair:4   | Noticed an acid blob
 14813 | Lair:4   | Noticed an azure jelly
 14813 | Lair:4   | Noticed an azure jelly
 14813 | Lair:4   | Noticed an azure jelly
 14813 | Lair:4   | Noticed an azure jelly
 14813 | Lair:4   | Noticed an acid blob
 14814 | Lair:4   | Found a viscous altar of Jiyva.
 14814 | Lair:4   | Noticed a quicksilver ooze
 14814 | Lair:4   | Noticed an acid blob
 14814 | Lair:4   | Noticed an azure jelly
 14814 | Lair:4   | Noticed Decysan's ghost (journeyman MfSh)
 14814 | Lair:4   | Noticed an azure jelly
 14814 | Lair:4   | Noticed an azure jelly
 15309 | Lair:3   | Reached skill level 10 in Armour
 15517 | Lair:5   | Reached skill level 10 in Invocations
 15908 | Lair:5   | Killed Kirke
 16287 | Lair:5   | Reached skill level 15 in Fighting
 16417 | Lair:5   | Reached skill level 15 in Ranged Weapons
 16556 | Lair:5   | Noticed Rupert
 16634 | Lair:5   | Reached XP level 15. HP: 96/116 MP: 25/25
 18159 | D:8      | HP: 5/117 [jinhoftyu's ghost/foxfire (3)]
 18448 | D:8      | Killed jinhoftyu's ghost
 18585 | D:11     | Found a staircase to the Orcish Mines.
 19225 | Orc:1    | Entered Level 1 of the Orcish Mines
 19225 | Orc:1    | Found Mybrew's General Store.
 19230 | Orc:1    | Bought a potion of heal wounds for 65 gold pieces
 19230 | Orc:1    | Bought a potion of lignification for 39 gold pieces
 19230 | Orc:1    | Bought a scroll of noise for 13 gold pieces
 19230 | Orc:1    | Bought a potion of curing for 39 gold pieces
 19918 | Orc:2    | Entered Level 2 of the Orcish Mines
 20011 | Orc:2    | Found a staircase to the Elven Halls.
 20212 | Orc:2    | Found Paga's Armour Shoppe.
 20212 | Orc:2    | Found Niherch's Jewellery Shoppe.
 20214 | Orc:2    | Found Kanintaa's Jewellery Emporium.
 20218 | Orc:2    | Found Biom's Armour Emporium.
 20224 | Orc:2    | Bought the ring "Ykhoczir" {rPois rC+} for 470 gold pieces
 20399 | Orc:2    | Found a radiant altar of Vehumet.
 20618 | Orc:2    | Bought the amulet of Iceuh {Regen+ Str+5} for 475 gold
                  | pieces
 20694 | D:12     | Found Pedyxuos's Antique Armour Shoppe.
 21680 | D:13     | Found a gate to the Vaults.
 21838 | D:13     | Found a shadowy altar of Dithmenos.
 21882 | D:13     | Found a gate leading to a gauntlet.
 21889 | Gauntlet | Entered a Gauntlet
 21889 | Gauntlet | Found a transporter.
 21889 | Gauntlet | Found a transporter.
 21897 | Gauntlet | Found a transporter.
 21901 | Gauntlet | Found a transporter.
 21909 | Gauntlet | Found a transporter.
 21913 | Gauntlet | Found a transporter.
 21921 | Gauntlet | Found a transporter.
 21938 | Gauntlet | Found a transporter.
 21953 | Gauntlet | Found a transporter.
 21957 | Gauntlet | Found a transporter.
 21965 | Gauntlet | Found a transporter.
 21969 | Gauntlet | Found a transporter.
 22152 | Gauntlet | Identified the amulet "Meizxeys" {Reflect Int+4 SH+5}
 22378 | D:14     | Reached XP level 16. HP: 126/126 MP: 29/29
 22380 | D:14     | Reached skill level 16 in Ranged Weapons
 22549 | D:14     | Found Wiolus's Self-Improvement Boutique.
 22674 | D:14     | Found a basalt altar of Yredelemnul.
 22971 | D:15     | Entered Level 15 of the Dungeon
 23264 | D:15     | Found a staircase to the Depths.
 23508 | D:15     | Identified the +1 robe of Bequeathed Liberty {-Tele rElec
                  | Int+3 Dex+6}
 23573 | D:15     | Reached skill level 15 in Invocations
 23890 | Snake:1  | Entered Level 1 of the Snake Pit
 23902 | Snake:1  | Identified the +2 short sword of Chagrin {pain, Int+2}
 24073 | Snake:1  | Found a transporter.
 24146 | Snake:1  | Identified the +0 battleaxe of Tucawkour {speed, +Blink
                  | rCorr Str-4 Int+4}
 24680 | Snake:1  | Noticed sekai's ghost (adept HuFi)
 24768 | Snake:1  | Found a transporter.
 25111 | D:14     | Bought a manual of Ranged Weapons for 1120 gold pieces
 25758 | Snake:2  | Noticed Louise
 25789 | Snake:2  | Killed Louise
 25859 | Snake:2  | Found Zootewn's Book Emporium.
 25860 | Snake:2  | Found Seegeson's Jewellery Shop.
 25860 | Snake:2  | Found Loely's Jewellery Shop.
 25873 | Snake:2  | Learned a level 2 spell: Blink
 25882 | Snake:2  | Identified the serpent talisman of Qupule {Str+3}
 25882 | Snake:2  | Noticed Aizul
 25901 | Snake:2  | Killed Aizul
 26016 | Snake:2  | Reached XP level 17. HP: 134/135 MP: 31/31
 26217 | Snake:3  | Noticed Jorgrun
 26238 | Snake:3  | Noticed Agnes
 26246 | Snake:3  | Killed Agnes
 26373 | Snake:3  | Reached skill level 17 in Ranged Weapons
 26902 | Snake:3  | Noticed Vashnia
 27401 | Snake:3  | Killed Jorgrun
 27455 | Snake:4  | Entered Level 4 of the Snake Pit
 27647 | Snake:4  | Found Toips's Gadget Gallery.
 27866 | Snake:4  | Reached skill level 18 in Ranged Weapons
 28849 | Snake:4  | Reached XP level 18. HP: 144/144 MP: 33/33
 29792 | Snake:4  | HP: 1/144 [mana viper (12)]
 30275 | Snake:4  | Reached skill level 15 in Armour
 30557 | Snake:4  | Got a serpentine rune of Zot
 30844 | Shoals:1 | Entered Level 1 of the Shoals
 30847 | Shoals:1 | Found a runed translucent door.
 30847 | Shoals:1 | Identified the +0 chain mail "Naif Nav" {rPois Dex+3}
 31437 | Shoals:1 | Reached skill level 19 in Ranged Weapons
 32728 | Shoals:3 | Reached skill level 1 in Translocations
 33322 | Shoals:3 | Noticed Ilsuiw
 33337 | Shoals:3 | Killed Ilsuiw
 33393 | Shoals:3 | Reached skill level 20 in Ranged Weapons
 33540 | Shoals:3 | Reached skill level 5 in Dodging
 33774 | Shoals:4 | Entered Level 4 of the Shoals
 33910 | Shoals:3 | Paralysed by a formless jellyfish for 1 turns
 33993 | Shoals:3 | Reached XP level 19. HP: 113/153 MP: 27/35
 34266 | Shoals:4 | Identified the +9 flail of the Blessed Realm {venom, rPois
                  | Str-4 Int+4 SInv}
 34690 | Shoals:4 | Found Litiedd's Distillery.
 34701 | Shoals:4 | Reached XP level 20. HP: 160/160 MP: 36/36
 34795 | Shoals:4 | Reached skill level 5 in Translocations
 34832 | Shoals:4 | Acquired the ring "Ysopug" {rN++ Will+ EV+5}
 34863 | Shoals:4 | Identified the +1 spear "Saedgh Aron" {spect, rPois rC+
                  | rN+}
 34941 | Shoals:4 | Reached skill level 1 in Spellcasting
 34949 | Shoals:4 | Reached skill level 21 in Ranged Weapons
 35074 | Shoals:4 | Got a barnacled rune of Zot
 35503 | Lair:5   | Killed Rupert
 35899 | Elf:1    | Entered Level 1 of the Elven Halls
 35908 | Elf:1    | Upgraded the game from 0.32-a0-931-g5a2cda0 to
                  | 0.32-a0-932-g5467873
 36309 | Elf:1    | Slain by a +2 dire flail of venom

Illustrated notes

Levels and vault maps discovered:
D:1:      mrwooster_arrival_statue_3, layout_loops_ring, minmay_misc_feat_chi,
          minmay_strange_pillars
D:2:      minmay_diamond_boxcup, layout_basic, minmay_misc_feat_encased
D:3:      layout_rooms, nicolae_underground_beach, uniq_natasha, uniq_terence
D:4:      layout_basic, minmay_temple_entry_slanted,
          mainiacjoe_sewer_entry_somewhere_in_here_1, minmay_quadrilaterals
D:5:      layout_rooms, chequers_decorated_corner, uniq_blork_the_orc
D:6:      layout_basic, mainiacjoe_overflow_surrounded_room
D:7:      layout_basic, grunt_temple_overflow_open, kennysheep_generic_room_7
D:8:      layout_rooms, minmay_lair_entry_grove, gammafunk_ghost_hydra_chop,
          nicolae_eternal_life, hangedman_abyss_or_decor_passed,
          kennysheep_just_a_vault
D:9:      layout_roguey [special_room_bee], uniq_grum
D:10:     layout_roguey, mainiacjoe_overflow_alcove_4, serial_shops, shop, shop,
          kennysheep_minor_cross, uniq_josephine
D:11:     layout_long_grid, orc_0_dummy
D:12:     layout_gridville, serial_shops, nicolae_shop_waterfront,
          grunt_decor_resistance
D:13:     layout_cave_pools, erik_vaults_1, gauntlet_entry_generic,
          grunt_dithmenos_smoke
D:14:     layout_loops_ring, yredelemnul_altar_generic, nicolae_shop_self_help
D:15:     hellmonk_depths_entry_around_the_bend, layout_long_grid
Temple:   bh_familiar_temple
Lair:1:   layout_long_grid
Lair:2:   layout_cave_pods, minmay_snake_entry_guardpost_large,
          nicolae_volcano_entry_s_turn
Lair:3:   layout_cave_shapes, nicolae_shoals_entry_roost, grunt_megastairs_5,
          lemuel_fruit_tree
Lair:4:   nzn_winding_woodlands_large [nzn_winding_woodlands_hourglass,
          nzn_winding_woodlands_5x15_longhouse,
          nzn_winding_woodlands_5x5_closed_star,
          nzn_winding_woodlands_center_diamonds,
          nzn_winding_woodlands_15x15_thick_spiral,
          nzn_winding_woodlands_center_triple_pond,
          nzn_winding_woodlands_5x5_default, nzn_winding_woodlands_5x15_crooked,
          nzn_winding_woodlands_5x5_perimeter], layout_regular_city,
          minmay_slime_entry_oklob_enclosed, gammafunk_ghost_ooze, uniq_urug,
          uniq_snorg
Lair:5:   evilmike_catoblepas_cave, layout_hall_layers, serial_bayou_lagoon_a,
          serial_bayou_shore_a, uniq_kirke, uniq_rupert
Shoals:1: layout_shoals, lightli_airlock
Shoals:2: layout_shoals, nicolae_shoals_hunting_party
Shoals:3: layout_shoals, nicolae_shoals_seven_spires,
          nicolae_shoals_undead_eyrie, uniq_ilsuiw
Shoals:4: shoals_end_grunt_ice, layout_shoals, serial_shops, shop,
          overgrown_hall
Snake:1:  layout_cave_pods, gammafunk_ghost_berserking_beasts,
          serial_bayou_crossing
Snake:2:  layout_rooms, nicolae_snake_single_loop, nicolae_triple_integral,
          minmay_shop_grove, uniq_aizul, uniq_louise
Snake:3:  layout_onion, nicolae_snake_magic_snake_eye, uniq_agnes, uniq_vashnia,
          uniq_jorgrun
Snake:4:  snake_pit_salamanders_mu, layout_cave_town, nicolae_shop_gadgets
Orc:1:    layout_caves, serial_shops, nicolae_shop_tiny_waterfront,
          nicolae_orc_hostile_takeover
Orc:2:    st_orc_mages, layout_caves, basic_altar
Elf:1:    layout_gridlike, minmay_elf_crystal_hexagon

Skill      XL: |  1  2  3  4  5  6  7  8  9 10 11 12 13 14 15 16 17 18 19 20 |
---------------+-------------------------------------------------------------+-----
Stealth        | 2 3 4 5 7 9 |  9.0
Fighting       | 3 4 5 7 9 10 11 12 13 15 17 18 19 20 | 20.9
Dodging        | 3 5 7 8 |  8.5
Ranged Weapons | 5 6 8 10 11 12 13 14 15 16 18 20 21 | 21.1
Armour         | 2 5 7 9 10 11 13 14 15 | 15.0
Invocations    | 2 5 8 11 14 16 17 18 | 18.0
Translocations | 3 4 5 |  5.0
Spellcasting   | 3 |  3.1

Action                     |  1- 3 |  4- 6 |  7- 9 | 10-12 | 13-15 | 16-18 | 19-21 || total
---------------------------+-------+-------+-------+-------+-------+-------+-------++-------
  Melee: Arbalest          |       |     5 |     1 |     2 |       |       |       ||     8
         Unarmed           |       |     8 |     5 |       |       |       |       ||    13
         Punch             |       |     1 |       |       |       |       |       ||     1
         Dagger            |       |       |       |     9 |       |       |       ||     9
         Peck              |       |       |       |     4 |       |       |       ||     4
         Rapier            |       |       |       |     3 |       |       |       ||     3
   Fire: Shortbow          |   105 |    22 |       |       |       |       |       ||   127
         Arbalest          |       |    80 |   149 |   455 |   904 |       |       ||  1588
         Orcbow            |       |       |       |       |     9 |  1764 |   429 ||  2202
 Invoke: Ancestor Identity |       |       |     2 |       |       |       |       ||     2
         Recall Ancestor   |       |       |     2 |     5 |    11 |    18 |     4 ||    40
         Ancestor Life: Kn |       |       |     1 |       |       |       |       ||     1
         Idealise          |       |       |       |     2 |    12 |    11 |     1 ||    26
  Evoke: Phantom mirror    |       |       |       |       |     1 |       |       ||     1
    Use: Potion            |       |     3 |       |     4 |     3 |     4 |     1 ||    15
         Scroll            |       |       |     8 |     4 |    19 |    10 |     8 ||    49
 Armour: Leather armour    |    18 |       |       |       |       |       |       ||    18
         Robe              |     6 |    68 |     7 |       |       |       |       ||    81
         Skin              |       |    27 |     3 |       |       |       |       ||    30
         Troll leather arm |       |       |     7 |   172 |       |       |       ||   179
         Fire dragon scale |       |       |       |    22 |   484 |   607 |   138 ||  1251
  Dodge: Dodged            |    20 |    50 |    24 |   156 |   223 |   196 |    56 ||   725
  Block: Other             |       |       |       |       |       |     3 |     2 ||     5
         Reflection        |       |       |       |       |       |       |     1 ||     1

Table legend: (Time is in decaauts)
 A = Elapsed time spent in this place.
 B = Non-inter-level travel time spent in this place.
 C = Inter-level travel time spent in this place.
 D = Time resting spent in this place.
 E = Time spent auto-exploring this place.
 F = Levels seen in this place.
 G = Mean time per level.
                   A        B        C        D        E       F      G
               +--------+--------+--------+--------+--------+-----+--------+
         Total |  37227 |  34421 |   2806 |   3201 |  23821 |  35 | 1063.6 |
       Dungeon |  12157 |  10995 |   1162 |    543 |   8316 |  15 |  810.5 |
        Temple |     45 |      2 |     43 |      0 |      0 |   1 |   45.0 |
          Lair |  10855 |   9949 |    906 |   1633 |   6432 |   5 | 2171.0 |
        Shoals |   4760 |   4500 |    260 |    270 |   3102 |   4 | 1190.0 |
     Snake Pit |   6302 |   5957 |    345 |    591 |   4014 |   4 | 1575.5 |
  Orcish Mines |   1575 |   1487 |     88 |      0 |   1106 |   2 |  787.5 |
   Elven Halls |    397 |    397 |      0 |      0 |    285 |   1 |  397.0 |
         Sewer |    323 |    323 |      0 |    147 |     99 |   1 |  323.0 |
       Volcano |    481 |    481 |      0 |      0 |    286 |   1 |  481.0 |
      Gauntlet |    327 |    327 |      0 |     15 |    180 |   1 |  327.0 |
               +--------+--------+--------+--------+--------+-----+--------+

Top non-repeatable levels by time:
 Snake:4: 3076 daAuts
  Lair:4: 2617 daAuts
  Lair:3: 2153 daAuts
  Lair:5: 2094 daAuts
  Lair:2: 2022 daAuts
  Lair:1: 1967 daAuts
Shoals:3: 1405 daAuts
Shoals:4: 1353 daAuts
 Snake:3: 1315 daAuts
Shoals:2: 1184 daAuts
 Snake:1: 1098 daAuts
     D:4: 1081 daAuts
     D:2: 1074 daAuts
     D:9: 1018 daAuts
    D:12: 957 daAuts
